AoeStats
← Poiu ♡

African Clearing

510615926Analyzed
2v2 RM · 1d ago on Oct 1, 2026· 20m 10s· 4 players
Game mode
Random Map
Map size
Medium (4 player)
Population
200
Speed
Normal
Resources
Standard
Victory
Conquest
Starting age
Dark Age
Ending age
Imperial Age
RankedLock teamsTeams togetherTeam positionsShared explorationLock speedFull tech treeHidden civsTurbo modeCheats
Victory
Defeat
🇳🇴 Malay · Norway
905
+16
🇵🇾 Tatars · Paraguay
886
+16
🇺🇾 Gurjaras · Uruguay
896
-16
🇺🇾 Teutons · Uruguay
895
-16
seu madruga
12:33 Feudal Age
22:34 Castle Age
Poiu ♡
7:30 Loom
15:25 Feudal Age
17:35 Double-Bit Axe
Guillito P
11:09 Loom
13:22 Feudal Age
19:18 Double-Bit Axe
19:14 Horse Collar
radescanicolas7
12:25 Feudal Age
Connection lost

Rejoining the realm…

Still unreachable

The connection could not be restored.

Session expired

The server has moved on; the page needs a fresh start.